 Dungeon Crawl Stone Soup version 0.31.0-9-g3a7656b989 (webtiles) character file.

Game seed: 3632041785556014573

28 Gumption the Poker (level 3, 0/28 HPs)
             Began as a Merfolk Gladiator on Jan 29, 2024.
             Slain by a cerulean imp
             ... wielding a +0 spear
             ... summoned by Natasha
              (2 damage)
             ... on level 2 of the Dungeon.
             The game lasted 00:06:18 (921 turns).

Gumption the Poker (Merfolk Gladiator)               Turns: 921, Time: 00:06:18

Health: 0/28       AC:  7    Str: 14    XL:     3   Next: 14%
Magic:  3/3        EV: 11    Int:  7    God:
Gold:   70         SH:  0    Dex: 17    Spells: 2/2 levels left

rFire   . . .        a - +0 trident
rCold   . . .        (no shield)
rNeg    . . .        h - +0 scale mail
rPois   .            c - +0 helmet
rElec   .            (no cloak)
rCorr   .            (no gloves)
SInv    .            (no boots)
Will    .....        (no amulet) Stlth
                     (no ring)
HPRegen 0.24/turn    (no ring)
MPRegen 0.08/turn

%: no passive effects
@: no status effects
A: (nimble swimmer 2), mertail
a: no special abilities


You were on level 2 of the Dungeon.
You visited 1 branch of the dungeon, and saw 2 of its levels.

You collected 70 gold pieces.

Inventory:

Hand Weapons
 a - a +0 trident (weapon)
Missiles
 d - 3 throwing nets (quivered)
 e - a javelin
 g - 20 stones
Armour
 c - a +0 helmet (worn)
 h - a +0 scale mail (worn)
 i - an orb of mayhem
Scrolls
 b - a scroll of silence {unknown}
 j - a scroll of teleportation {unknown}
 k - 2 scrolls of identify {unknown}
Potions
 f - 2 potions of degeneration {unknown}


   Skills:
 + Level 2.6 Fighting
 * Level 4.9 Polearms
 - Level 2.0 Throwing
 + Level 4.4 Dodging


You had 2 spell levels left.
You didn't know any spells.
Your spell library contained the following spells:

 Spells                   Type           Power      Damage    Failure   Level
 Static Discharge         Conj/Air       0%         3-3/arc   97%         2
 Hailstorm                Conj/Ice       0%         3d5       99%         3
 Inner Flame              Hex/Fire       0%         N/A       99%         3
 Summon Ice Beast         Ice/Summ       0%         N/A       99%         3
 Airstrike                Air            0%         2d(0-16)  100%        4
 Flame Wave               Conj/Fire      0%         2d4       100%        4
 Sticky Flame             Fire/Alch      0%         2d4       100%        4
 Summon Lightning Spire   Summ/Air       0%         N/A       100%        4
 Sculpt Simulacrum        Ice/Alch       0%         N/A       100%        6


Dungeon Overview and Level Annotations

Branches:
Dungeon (2/15)

Altars:

Annotations:
D:2 Natasha


Innate Abilities, Weirdness & Mutations

((You are very nimble when in or above water. (Stealth+, EV+, Speed+++)))
Your lower body shifts to a powerful aquatic tail in water.


Message History

The endoplasm freezes you.
You are frozen.
The kobold hits you but does no damage.
Natasha casts a spell.
The cerulean imp hits you with a +0 spear.
You hit Natasha but do no damage.
Natasha is moderately wounded.
The endoplasm closely misses you. The kobold hits you with a +0 dagger.
Natasha closely misses you.
The cerulean imp hits you with a +0 spear.
* * * LOW HITPOINT WARNING * * *
The cerulean imp hits you with a +0 spear.
* * * LOW HITPOINT WARNING * * *
You barely miss Natasha.
Natasha is moderately wounded.
The endoplasm freezes you.
You are frozen.
* * * LOW HITPOINT WARNING * * *
The kobold barely misses you. Natasha barely misses you.
The cerulean imp misses you.
The cerulean imp hits you but does no damage.
You closely miss Natasha.
Natasha is moderately wounded.
The endoplasm misses you. The kobold closely misses you.
Natasha closely misses you.
The cerulean imp hits you with a +0 spear.
* * * LOW HITPOINT WARNING * * *
The cerulean imp barely misses you.
The endoplasm hits you but does no damage.
The kobold hits you but does no damage.
You completely miss Natasha.
Natasha is moderately wounded.
Natasha claws you but does no damage.
The cerulean imp hits you but does no damage. x2
The endoplasm barely misses you. The kobold hits you but does no damage.
Unknown command.
You puncture Natasha!
Natasha is severely wounded.
Natasha barely misses you.
The cerulean imp hits you with a +0 spear.
You die...

#.......# #.......#
#####.......#
####...........#
##....##........#
####................
.................###
##########......JK.......
..............#5@h###.###
..########.....5###
#..###.........##
##.....#########
#......#######
#.####.#......
#.####........
#..†..........
#.............


You could see Natasha, 2 cerulean imps, an endoplasm and a kobold.

Vanquished Creatures
  4 ball pythons (D:1)
  3 endoplasms
  4 giant cockroaches
  2 goblins
  4 hobgoblins
  A bat (D:2)
  2 frilled lizards (D:1)
  A kobold (D:2)
  4 rats
25 creatures vanquished.

Vanquished Creatures (collateral kills)
  A bat (D:2)
1 creature vanquished.

Grand Total: 26 creatures vanquished

Notes
Turn   | Place    | Note
-------+----------+-------------------------------------------
     0 | D:1      | Gumption the Merfolk Gladiator began the quest for the Orb.
     0 | D:1      | Reached XP level 1. HP: 16/16 MP: 1/1
   148 | D:1      | Reached XP level 2. HP: 21/23 MP: 2/2
   775 | D:2      | Reached XP level 3. HP: 12/28 MP: 3/3
   909 | D:2      | Noticed Natasha
   921 | D:2      | Slain by a cerulean imp

Illustrated notes

Levels and vault maps discovered:
D:1:      dpeg_arrival_signposts, layout_basic, serial_curves, eino_curves_03,
          eino_curves_04, minmay_misc_feat_cross
D:2:      layout_rooms, uniq_sigmund, uniq_natasha, uniq_robin

Action                     || total
---------------------------++-------
  Melee: Trident           ||    98
 Armour: Leather armour    ||    12
         Scale mail        ||    68
  Dodge: Dodged            ||    51
